 Dungeon Crawl Stone Soup version 0.27-a0-1191-g601b473118 (webtiles) character file.

Game seed: 17063824129813768233

127 st0uf the Digger (level 5, -1/28 HPs)
             Began as a Gargoyle Earth Elementalist on May 23, 2021.
             Slain by a gnoll
             ... wielding a +0 club
              (7 damage)
             ... on level 3 of the Dungeon.
             The game lasted 00:08:01 (2599 turns).

st0uf the Digger (Gargoyle Earth Elementalist)      Turns: 2599, Time: 00:08:03

Health: -1/28      AC:  7    Str: 11    XL:     5   Next: 11%
Magic:  6/9        EV: 12    Int: 17    God:
Gold:   148        SH:  0    Dex: 10    Spells: 5/9 levels left

rFire    . . .     SeeInvis .   j - +1 whip (elec)
rCold    . . .     Faith    .   (no shield)
rNeg     + . .     Spirit   .   c - +0 robe
rPois    ∞         Reflect  .   (no helmet)
rElec    +         Harm     .   (no cloak)
rCorr    +         Rampage  .   (no gloves)
Will     .....                  a - +0 pair of boots
Stlth    ++........             (no amulet)
HPRegen  0.09/turn              i - ring of resist corrosion
MPRegen  0.11/turn              (no ring)

@: no status effects
A: sickness immunity, AC +4, negative energy resistance 1, electricity
resistance, torment resistance 1, petrification resistance
a: no special abilities


You were on level 3 of the Dungeon.
You visited 1 branch of the dungeon, and saw 3 of its levels.

You collected 148 gold pieces.

Inventory:

Hand Weapons
 f - a +0 short sword of holy wrath
 j - a +1 whip of electrocution (weapon)
Missiles
 b - 50 stones
Armour
 a - a +0 pair of boots (worn)
 c - a +0 robe (worn)
Jewellery
 i - a ring of resist corrosion (left hand)
Scrolls
 d - 2 scrolls of teleportation {unknown}
 g - a scroll of identify {unknown}
 k - a scroll of enchant weapon {unknown}
Potions
 e - a potion of curing {unknown}
 h - 2 potions of heal wounds {unknown}
 l - 2 potions of degeneration {unknown}


   Skills:
 + Level 0.1 Fighting
 + Level 2.1 Dodging
 + Level 3.0 Stealth
 + Level 2.7 Spellcasting
 * Level 2.0 Conjurations
 + Level 0.7 Transmutations
 + Level 4.8 Earth Magic


You had 5 spell levels left.
You knew the following spells:

 Your Spells              Type           Power      Damage    Failure   Level
a - Sandblast             Erth           36%        2d10      2%          1
b - Stone Arrow           Conj/Erth      26%        3d8       13%         3

Your spell library contained the following spells:

 Spells                   Type           Power      Damage    Failure   Level
 Passwall                 Tmut/Erth      9%         N/A       9%          2
 Petrify                  Tmut/Erth      11%        N/A       50%         4
 Lee's Rapid Deconstruct  Erth           9%         3d8*      56%         5


Dungeon Overview and Level Annotations

Branches:
Dungeon (3/15)

Altars:

Shops:
D:1 (*[*


Innate Abilities, Weirdness & Mutations

You are immune to sickness and miasma.
Your stone body is resilient. (AC +4)
You are immune to poison.
You resist negative energy. (rN+)
You are resistant to electric shocks. (rElec)
You are resistant to unholy torment.
You are immune to petrification.


Message History

The gnoll hits you but does no damage. The gnoll barely misses you.
Unknown command.
You whack the gnoll!
The gnoll is almost dead.
The gnoll closely misses you. The gnoll misses you.
You hit the gnoll. Lightning courses through the gnoll!
You kill the gnoll!
The gnoll closely misses you.
Your Conjurations skill increases to level 2!
You hit the gnoll but do no damage.
The gnoll is moderately wounded.
The gnoll hits you with a +0 club.
Things that are here:
a +0 spear; a +0 whip; a gnoll corpse You see here an adder corpse.
Your magical contamination has completely faded away.
Casting: Sandblast (safe; 2% risk of failure)
Confirm with . or Enter, or press ? or * to list all spells.
Aiming: Sandblast (safe; 2% risk of failure)
Press: ? - help, Shift-Dir - straight line, f/p - gnoll
Aim: a gnoll, wielding a +0 club (moderately wounded, 82% to hit)
You miscast Sandblast.
You are very lightly contaminated with residual magic.
Nothing appears to happen.
The gnoll hits you with a +0 club.
* * * LOW HITPOINT WARNING * * *
There is a stone staircase leading up here.
Your magical contamination has completely faded away.
There is a stone staircase leading up here.
There is a stone staircase leading up here.
The gnoll hits you with a +0 club.
* * * LOW HITPOINT WARNING * * *
Casting: Sandblast (safe; 2% risk of failure)
Confirm with . or Enter, or press ? or * to list all spells.
Aiming: Sandblast (safe; 2% risk of failure)
Press: ? - help, Shift-Dir - straight line, f/p - gnoll
Aim: a gnoll, wielding a +0 club (82% to hit)
The blast of sand hits the gnoll!
The gnoll is severely wounded.
The gnoll hits you with a +0 club!
You die...

## .#
############## .#
#............#
.####.##########.#
......# #.#
Z####.####### #@#
<# #...Z...# #g#
.####.#####.# #Z#
...Z..# #.# #.#
####### #Z# #.#
#.####.# #.#....#
#..Z...# ###....#


You could see a gnoll and a howler monkey skeleton.

Vanquished Creatures
  3 gnolls (D:3)
  3 adders
  2 worms (D:2)
  4 dart slugs
  A ball python (D:1)
  6 bats
  10 endoplasms
  4 giant cockroaches (D:2)
  3 hobgoblins
  A quokka (D:2)
  5 frilled lizards
  3 goblins
  7 kobolds
  5 rats
57 creatures vanquished.

Notes
Turn   | Place    | Note
-------+----------+-------------------------------------------
     0 | D:1      | st0uf the Gargoyle Earth Elementalist began the quest for
                  | the Orb.
     0 | D:1      | Reached XP level 1. HP: 10/10 MP: 3/3
   117 | D:1      | Found Zeethria's Assorted Antiques.
   153 | D:1      | Reached skill level 4 in Earth Magic
   153 | D:1      | Reached XP level 2. HP: 15/15 MP: 3/5
   231 | D:1      | Found a faded altar of an unknown god.
   508 | D:1      | Found Lajaud's Weapon Emporium.
   544 | D:1      | Found Lunn's Assorted Antiques.
   559 | D:1      | Reached XP level 3. HP: 19/19 MP: 3/6
   560 | D:1      | Reached skill level 1 in Conjurations
   564 | D:1      | Learned a level 3 spell: Stone Arrow
   693 | D:1      | Found Xuttal's Armour Emporium.
  1307 | D:2      | Reached XP level 4. HP: 24/24 MP: 4/7
  2517 | D:3      | Reached XP level 5. HP: 27/28 MP: 3/8
  2599 | D:3      | Slain by a gnoll

Illustrated notes

Levels and vault maps discovered:
D:1:      giann_bridges, layout_basic, hellmonk_ecumenical_altar_heavens_door,
          serial_shops, shop, shop, shop, nicolae_shop_stone
D:2:      layout_basic, minmay_between
D:3:      layout_loops_ring, lemuel_crystal_altar, marbit_many_paths,
          kennysheep_generic_room_15

Skill      XL: |  1  2  3  4  5 |
---------------+----------------+-----
Earth Magic    | 4 |  4.8
Conjurations   | 1 2 |  2.0
Dodging        | 2 |  2.1
Stealth        | 3 |  3.0
Fighting       | |  0.1
Spellcasting   | |  2.7
Transmutations | |  0.7

Action                   |  1- 3 |  4- 6 || total
-------------------------+-------+-------++-------
Melee: Unarmed           |    42 |    57 ||    99
       Whip              |       |    28 ||    28
 Cast: Sandblast         |    37 |    24 ||    61
 Stab: Sleeping          |       |     2 ||     2
Armor: Robe              |    27 |    48 ||    75
Dodge: Dodged            |    54 |    59 ||   113

Table legend: (Time is in decaauts)
 A = Elapsed time spent in this place.
 B = Non-inter-level travel time spent in this place.
 C = Inter-level travel time spent in this place.
 D = Time resting spent in this place.
 E = Time spent auto-exploring this place.
 F = Levels seen in this place.
 G = Mean time per level.
                   A        B        C        D        E       F      G
               +--------+--------+--------+--------+--------+-----+--------+
         Total |   2605 |   2546 |     59 |    149 |   1845 |   3 |  868.3 |
       Dungeon |   2605 |   2546 |     59 |    149 |   1845 |   3 |  868.3 |
               +--------+--------+--------+--------+--------+-----+--------+

Top non-repeatable levels by time:
     D:2: 1215 daAuts
     D:1: 992 daAuts
     D:3: 396 daAuts
